 Dungeon Crawl Stone Soup version 0.28-a0-258-g8de209e91f (webtiles) character file.

Game seed: 2533582786747626163

7392 graki42 the Blocker (level 11, -6/77 HPs)
             Began as an Octopode Fighter on Aug 26, 2021.
             Mangled by a thrashing horror (24 damage)
             ... on level 1 of the Abyss.
             The game lasted 00:30:58 (11471 turns).

graki42 the Blocker (Octopode Fighter)             Turns: 11471, Time: 00:30:59

Health: -6/77      AC:  1    Str: 15    XL:     11   Next: 14%
Magic:  11/11      EV: 16    Int: 11    God:
Gold:   525        SH: 11    Dex: 15    Spells: 10/10 levels left

rFire   . . .      SeeInvis .   C - +7 Screaming Sword {vorpal, sonic wave}
rCold   . . .      Faith    .   b - +0 kite shield
rNeg    . . .      Spirit   .   (helmet restricted)
rPois   .          Reflect  .   h - amulet of the acrobat
rElec   .          Harm     .   (no ring)
rCorr   .          Rampage  .   (no ring)
Will    .....                   (no ring)
Stlth   ++........              (no ring)
HPRegen 0.22/turn               (no ring)
MPRegen 0.12/turn               (no ring)
                                (no ring)
                                (no ring)

@: about to teleport
A: almost no armour, amphibious, 8 rings, camouflage 1, gelatinous body 1,
(nimble swimmer 1), tentacles
a: no special abilities


You were on level 1 of the Abyss.
You visited 2 branches of the dungeon, and saw 11 of its levels.
You visited the Abyss 1 time.
You also visited: Bailey.

You collected 525 gold pieces.

Inventory:

Hand Weapons
 a - a +0 rapier
 y - a +2 short sword of flaming
 C - the +7 Screaming Sword (weapon) {vorpal, sonic wave}
   (You found it on level 6 of the Dungeon)

   It inflicts extra damage upon your enemies.
   It radiates damaging sonic waves as it strikes, especially in combat
   involving dangerous or numerous foes.
Missiles
 x - 2 throwing nets (quivered)
 A - 6 poisoned darts
Armour
 b - a +0 kite shield (worn)
Jewellery
 h - an amulet of the acrobat (around mantle)
Wands
 t - a wand of polymorph (8)
 u - a wand of iceblast (15)
 z - a wand of flame (34)
 D - a wand of digging (6)
Scrolls
 d - a scroll of holy word {unknown}
 g - 2 scrolls of vulnerability
 k - a scroll of fog
 n - 2 scrolls of teleportation
 o - a scroll of torment {unknown}
 v - 2 scrolls of amnesia
 w - a scroll of silence
 B - a scroll of blinking {unknown}
 E - a scroll of immolation {unknown}
 F - a scroll of summoning {unknown}
 G - a scroll of enchant weapon {unknown}
 H - a scroll of identify
Potions
 c - 3 potions of might
 e - a potion of resistance {unknown}
 f - 2 potions of haste {unknown}
 i - 2 potions of magic {unknown}
 j - a potion of ambrosia {unknown}
 l - a potion of flight
 m - 2 potions of heal wounds {unknown}
 p - 6 potions of curing {unknown}
 q - 3 potions of mutation {unknown}
 r - 3 potions of cancellation {unknown}
 s - 3 potions of attraction {unknown}
 I - a potion of degeneration {unknown}
 J - a potion of brilliance {unknown}


   Skills:
 + Level 8.2 Fighting
 - Level 6.0(6.8) Short Blades
 + Level 4.6(6.1) Long Blades
 + Level 5.8 Throwing
 + Level 8.2 Dodging
 + Level 9.4 Shields


You had 10 spell levels left.
You didn't know any spells.
Your spell library contained the following spells:

 Spells                   Type           Power      Damage    Failure   Level
 Foxfire                  Conj/Fire      0%         2x1d4     58%         1
 Blink                    Tloc           N/A        N/A       73%         2
 Corpse Rot               Necr/Air       N/A        N/A       73%         2
 Poisonous Vapours        Pois/Air       0%         N/A       73%         2
 Conjure Flame            Conj/Fire      0%         6-21      91%         3
 Gell's Gravitas          Tloc           0%         N/A       91%         3
 Inner Flame              Hex/Fire       0%         N/A       91%         3
 Lesser Beckoning         Tloc           0%         N/A       91%         3
 Ozocubu's Armour         Ice            0%         N/A       91%         3
 Teleport Other           Tloc           0%         N/A       91%         3
 Tukima's Dance           Hex            0%         N/A       91%         3
 Passage of Golubria      Tloc           N/A        N/A       100%        4
 Summon Lightning Spire   Summ/Air       0%         N/A       100%        4
 Agony                    Necr           0%         N/A       100%        5
 Freezing Cloud           Conj/Ice/Air   0%         6-21      100%        5
 Manifold Assault         Tloc           0%         N/A       100%        5
 Metabolic Englaciation   Hex/Ice        0%         N/A       100%        5
 Yara's Violent Unravell  Hex/Tmut       0%         3d3       100%        5
 Simulacrum               Ice/Necr       0%         N/A       100%        6


Dungeon Overview and Level Annotations

Branches:
Dungeon (10/15)            Temple (1/1) D:4             Orc (0/2) D:9
 Bailey (visited)
   Lair: D:8-11

Altars:
Ashenzari
Cheibriados
Dithmenos
Elyvilon
Fedhas
Hepliaklqana
Kikubaaqudgha
Makhleb
Nemelex Xobeh
Qazlal
Ru
Sif Muna
Trog
Uskayaw
Vehumet
Wu Jian
Xom
Yredelemnul
Zin
The Shining One

Shops:
D:7 :   D:10 ((=

Annotations:
D:8 2 transporters, PeterLawrence's ghost, novice MiFi
D:10 Erolcha


Innate Abilities, Weirdness & Mutations

You cannot wear most types of armour.
You are amphibious.
You can wear up to eight rings at the same time.
Your skin changes colour to match your surroundings (Stealth+).
Your rubbery body absorbs attacks. (AC +1, EV +1)
((You are camouflaged near water. (Stealth+)))
You have tentacles for arms and can constrict up to eight enemies at once.


Message History

The thrashing horror roars!
The thrashing horror misses you.
You block the thrashing horror's attack.
The thrashing horror barely misses you.
You riposte.
You barely miss the thrashing horror.
You squeeze the thrashing horror, but do no damage.
The thrashing horror closely misses you.
The thrashing horror completely misses you.
You riposte.
The tormentor roars!
You slash the thrashing horror!
The Screaming Sword yells, "I AM THE PEN!
I AM THE SWORD!
I AM THE HIGHEST LORD!"
You send a blast of sound all around you.
The thrashing horror, the blizzard demon and the tormentor are blasted.
The thrashing horror is almost destroyed.
The blizzard demon is severely wounded.
The tormentor is moderately wounded.
The thrashing horror is almost destroyed.
You block the thrashing horror's attack.
The blizzard demon gestures at you. The bolt of cold hits you!!
You hear a shout!
You hear a chilling moan.
You hear a roar!
You hear a horrible gurgling sound!
The thrashing horror churns violently!
The thrashing horror seems to grow stronger.
The thrashing horror completely misses you.
You block the thrashing horror's attack.
The thrashing horror closely misses you.
You block the thrashing horror's attack.
The thrashing horror roars!
The thrashing horror completely misses you.
The thrashing horror misses you.
The tormentor calls on the powers of darkness!
Your body is wracked with pain!
* * * LOW HITPOINT WARNING * * *
As you read the scroll of teleportation, it crumbles to dust.
You feel strangely unstable.
You feel the power of the Abyss delaying your translocation!
The thrashing horror tramples you!!
You die...

.... ... ... #
#.. #. #.####
.# #....
#.###..##
#.##@..##...
#..#.X.....#
#...#......#
##...###.#.§#
####.22##..##
## ≈# ##.≈#§≈≈
#≈≈≈#.§≈§.≈≈ ##
#≈≈..≈≈.##≈≈
#≈≈..≈≈.#≈≈≈§≈≈


You could see a blizzard demon, a thrashing horror (strong) and a tormentor.

Vanquished Creatures
  A boulder beetle (D:7)
  A cyclops (D:7)
  An orc knight (Bailey)
  A troll (D:7)
  Grinder (D:4)
  Eustachio (D:4)
  A wyvern (D:7)
  9 yaks
  3 vampire mosquitoes (D:8)
  Edmund (D:6)
  A water moccasin (D:7)
  An ice beast (D:7)
  2 black bears (D:7)
  A hornet zombie (D:9)
  4 orc warriors
  7 centaurs
  An ogre (D:7)
  A phantom (D:4)
  2 kobold brigands (D:5)
  Blork the orc (D:5)
  3 bullfrogs
  7 scorpions
  A gnoll sergeant (D:9)
  5 killer bees
  A wight (D:7)
  A centaur zombie (D:5)
  2 jellies
  Crazy Yiuf (D:5)
  2 gnoll shamans (D:7)
  3 hounds
  2 orc priests
  A bullfrog skeleton (D:6)
  3 iguanas
  Ijyb (D:4)
  3 orc wizards
  A hound skeleton (D:4)
  Robin (D:4)
  6 gnolls
  9 adders
  2 shadow imps
  2 white imps (D:7)
  An ufetubus (D:7)
  2 worms (D:3)
  4 dart slugs
  34 orcs
  9 bats
  4 endoplasms
  2 giant cockroaches
  17 goblins
  4 hobgoblins
  3 jackals (D:1)
  2 quokkas
  6 frilled lizards
  17 kobolds
  5 rats
208 creatures vanquished.

Vanquished Creatures (others)
  7 fungi (D:6)
  10 plants
17 creatures vanquished.

Grand Total: 225 creatures vanquished

Notes
Turn   | Place    | Note
-------+----------+-------------------------------------------
     0 | D:1      | graki42 the Octopode Fighter began the quest for the Orb.
     0 | D:1      | Reached XP level 1. HP: 16/16 MP: 1/1
   221 | D:1      | Reached XP level 2. HP: 21/21 MP: 2/2
   624 | D:1      | Found a faded altar of an unknown god.
   929 | D:2      | Reached XP level 3. HP: 19/26 MP: 3/3
  1137 | D:2      | Reached XP level 4. HP: 15/31 MP: 4/4
  2402 | D:4      | Found a staircase to the Ecumenical Temple.
  2411 | Temple   | Entered the Ecumenical Temple
  2755 | D:4      | Reached skill level 4 in Shields
  2755 | D:4      | Reached XP level 5. HP: 20/37 MP: 5/5
  2982 | D:4      | Noticed Robin
  3002 | D:4      | Killed Robin
  3039 | D:4      | Found an ancient bone altar of Kikubaaqudgha.
  3275 | D:4      | Noticed a phantom
  3296 | D:4      | Killed a phantom
  3297 | D:4      | Reached XP level 6. HP: 35/43 MP: 6/6
  3576 | D:4      | Noticed Grinder
  3586 | D:4      | Killed Grinder
  3587 | D:4      | Reached skill level 5 in Shields
  3587 | D:4      | Reached XP level 7. HP: 36/49 MP: 7/7
  3744 | D:4      | Noticed Eustachio
  3748 | D:4      | Noticed Ijyb
  3755 | D:4      | Killed Ijyb
  3768 | D:4      | Killed Eustachio
  4398 | D:5      | Entered Level 5 of the Dungeon
  4462 | D:5      | Reached skill level 6 in Shields
  4791 | D:5      | Found a runed translucent door.
  4792 | D:5      | Noticed Crazy Yiuf
  4853 | D:5      | Killed Crazy Yiuf
  4955 | D:5      | Noticed a yak
  4955 | D:5      | Noticed a yak
  4955 | D:5      | Noticed a yak
  4955 | D:5      | Noticed a yak
  4955 | D:5      | Noticed a yak
  4959 | D:6      | Noticed a yak
  4959 | D:6      | Noticed a yak
  4959 | D:6      | Noticed a yak
  4959 | D:6      | Noticed a yak
  4959 | D:6      | Noticed a yak
  4974 | D:4      | Killed a yak
  4975 | D:4      | Reached skill level 5 in Fighting
  4975 | D:4      | Reached skill level 5 in Dodging
  4975 | D:4      | Reached XP level 8. HP: 6/55 MP: 8/8
  5459 | D:5      | Noticed Blork the orc
  5490 | D:5      | Killed Blork the orc
  5886 | D:5      | Reached skill level 7 in Shields
  6185 | D:5      | Reached skill level 5 in Short Blades
  6509 | D:5      | Noticed a yak
  6539 | D:5      | Killed a yak
  6540 | D:5      | Reached skill level 1 in Throwing
  6753 | D:5      | Killed a yak
  6754 | D:5      | Reached XP level 9. HP: 43/62 MP: 9/9
  7428 | D:6      | Noticed Edmund
  7455 | D:6      | Killed Edmund
  7816 | D:6      | Reached skill level 8 in Shields
  8132 | D:6      | Found a white marble altar of Elyvilon.
  8241 | D:6      | Found the +7 Singing Sword {vorpal, sonic wave}
  8615 | D:7      | Noticed a cyclops
  8622 | D:7      | Killed a cyclops
  8623 | D:7      | Reached skill level 1 in Long Blades
  8627 | D:7      | Reached XP level 10. HP: 55/69 MP: 10/10
  8901 | D:7      | Found Ijeet's Book Emporium.
  8934 | D:7      | Found a bloodstained altar of Trog.
  8971 | D:7      | Found a sacrificial altar of Ru.
  8973 | D:7      | Found a burning altar of Makhleb.
  9051 | D:7      | Noticed a boulder beetle
  9056 | D:7      | Killed a boulder beetle
  9307 | D:7      | Got the Almanac of Flight and Unholy Secrets
  9308 | D:7      | Identified the +0 long sword of the Special Xeniums {pain,
                  | *Noise rF+ rC+}
  9683 | D:8      | Found a transporter.
  9684 | D:8      | Found a flagged portal.
  9713 | D:8      | Noticed a centaur warrior
  9713 | D:8      | Noticed PeterLawrence's ghost (novice MiFi)
  9801 | Bailey   | Entered a bailey
  9801 | Bailey   | Noticed an orc knight
  9801 | Bailey   | Noticed an orc knight
  9804 | Bailey   | Noticed an orc knight
  9808 | Bailey   | Killed an orc knight
  9809 | Bailey   | Reached skill level 5 in Throwing
  9811 | Bailey   | Reached skill level 9 in Shields
 10072 | D:8      | Found a transporter.
 10607 | D:8      | Reached XP level 11. HP: 69/77 MP: 11/11
 10861 | D:9      | Found a staircase to the Orcish Mines.
 11325 | D:10     | Entered Level 10 of the Dungeon
 11325 | D:10     | Found Fepytufu's Weapon Shoppe.
 11362 | D:10     | Found Carij's Weapon Shoppe.
 11368 | D:10     | Found a broken altar of Ashenzari.
 11385 | D:10     | Found Saich's Jewellery Shoppe.
 11387 | D:10     | Noticed Erolcha
 11392 | D:10     | Cast into level 1 of the Abyss (Erolcha)
 11442 | Abyss:1  | Found a hazy altar of Hepliaklqana.
 11450 | Abyss:1  | Noticed a thrashing horror
 11455 | Abyss:1  | Found a corrupted altar of Lugonu.
 11457 | Abyss:1  | Found an ancient bone altar of Kikubaaqudgha.
 11459 | Abyss:1  | Noticed a blizzard demon
 11471 | Abyss:1  | Mangled by a thrashing horror

Illustrated notes

Levels and vault maps discovered:
D:1:      scummos_arrival_forest, layout_loops_corners,
          dreamdust_ecumenical_altar_angels_and_demons
D:2:      layout_rooms
D:3:      layout_basic, patterned_corridor
D:4:      layout_loops_ring, general_overflow_altar,
          minmay_temple_entry_glassed_door, minivault_25, uniq_robin,
          uniq_grinder, uniq_ijyb, uniq_eustachio
D:5:      layout_rooms, lexackson_kobold_supper, uniq_crazy_yiuf_cottage,
          uniq_blork_the_orc
D:6:      old_forge, layout_rooms, elyvilon_altar_1, uniq_edmund
D:7:      minmay_the_grid_plus [minmay_the_grid_all_tris, minmay_the_grid_tree,
          minmay_the_grid_embedded, minmay_the_grid_outer_circle,
          minmay_the_grid_prize_diamond_cup], layout_cave_pools,
          kennysheep_little_box, chequers_temple_overflow_statue_of_worship,
          serial_shops, nicolae_shop_temple_entry_statues_fountains,
          hangedman_abyss_or_decor_slice
D:8:      layout_rooms, enter_bailey_5, gammafunk_ghost_arena
D:9:      layout_small_grid, david_orc_2
D:10:     layout_cross, grunt_temple_overflow_open, serial_shops,
          shop_fountains, nicolae_shop_stone, shop, nicolae_stop_n_shop_2,
          hangedman_decor_peaks_small, uniq_erolcha
Temple:   minmay_temple_curvy_branch
Abyss:1:  base:
D:5

Skill      XL: |  1  2  3  4  5  6  7  8  9 10 11 |
---------------+----------------------------------+-----
Shields        | 4 5 6 7 8 9 |  9.4
Short Blades   | 3 4 5 6 |  6.0
Fighting       | 4 5 6 8 |  8.2
Dodging        | 4 5 6 7 8 |  8.2
Throwing       | 1 3 5 |  5.8
Long Blades    | 1 4 |  4.6

Action                   |  1- 3 |  4- 6 |  7- 9 | 10-12 || total
-------------------------+-------+-------+-------+-------++-------
Melee: Rapier            |    55 |   100 |    99 |       ||   254
       Constrict         |    17 |    27 |    45 |    21 ||   110
       Tentacles         |    10 |    20 |    68 |    18 ||   116
       Short sword       |       |       |   165 |       ||   165
       Double sword      |       |       |     3 |    96 ||    99
  Use: Potion            |       |     1 |     2 |       ||     3
       Scroll            |       |       |     7 |     3 ||    10
 Stab: Sleeping          |     4 |     5 |     2 |     2 ||    13
Armor: Skin              |     3 |     2 |     7 |     1 ||    13
Dodge: Dodged            |    22 |    33 |   134 |   107 ||   296
Block: Kite shield       |    18 |    40 |   110 |    97 ||   265
       Rpst.: Double sword |       |       |     1 |    18 ||    19

Table legend: (Time is in decaauts)
 A = Elapsed time spent in this place.
 B = Non-inter-level travel time spent in this place.
 C = Inter-level travel time spent in this place.
 D = Time resting spent in this place.
 E = Time spent auto-exploring this place.
 F = Levels seen in this place.
 G = Mean time per level.
                   A        B        C        D        E       F      G
               +--------+--------+--------+--------+--------+-----+--------+
         Total |  11585 |  11291 |    294 |   3691 |   5541 |  13 |  891.2 |
       Dungeon |  11173 |  10904 |    269 |   3691 |   5272 |  10 | 1117.3 |
        Temple |    313 |    288 |     25 |      0 |    228 |   1 |  313.0 |
         Abyss |     79 |     79 |      0 |      0 |     41 |   1 |   79.0 |
        Bailey |     19 |     19 |      0 |      0 |      0 |   1 |   19.0 |
               +--------+--------+--------+--------+--------+-----+--------+

Top non-repeatable levels by time:
     D:5: 2672 daAuts
     D:4: 2038 daAuts
     D:6: 1382 daAuts
     D:8: 991 daAuts
     D:1: 924 daAuts
     D:7: 921 daAuts
     D:3: 894 daAuts
     D:9: 683 daAuts
     D:2: 596 daAuts
  Temple: 313 daAuts
 Abyss:1: 79 daAuts
    D:10: 69 daAuts
  Bailey: 19 daAuts
